Map: [ESL] Ghost River

Players

Reynor - Winner!

  • Race: Zerg Zerg
  • Spawn Location: 1:00

herO

  • Race: Protoss Protoss
  • Spawn Location: 11:00

Event: ESL Spring 2024 Finals

VOD

Have the link to the VOD?

Description

Time

  • Played on: May 31, 2024, 3:39 p.m.
  • Length: 14:01

All games in this series

Show
View Real Time Build Order
Export as new Build Order

Reynor Zerg - Winner!

Build Orders: Hatch First, Lurkers 

Get SALT Encoding   

  12  0:00  Drone  
  13  0:11  Overlord  
  13  0:16  Drone  
  14  0:30  Drone  
  15  0:45  Hatchery  
  15  0:48  Drone  
  15  0:52  Drone  
  15  0:55  Drone  
  17  0:59  Drone  
  18  1:09  Extractor  
  17  1:15  Spawning Pool  
  17  1:18  Drone  
  17  1:22  Drone  
  18  1:31  Drone  
  19  1:42  Drone  
  20  1:54  Drone  
  20  1:57  Drone  
  22  2:02  Queen x2  
  22  2:04  Overlord  
  22  2:07  Drone  
  27  2:15  Zergling x2  
  28  2:24  Drone  
  28  2:25  Drone  
  28  2:27  Hatchery  
  29  2:32  Drone  
  29  2:36  Metabolic Boost  
  30  2:42  Queen  
  32  2:45  Zergling x2  
  32  2:48  Overlord  
  33  2:52  Drone  
  33  2:53  Drone  
  33  2:57  Drone  
  35  3:07  Drone  
  35  3:09  Queen  
  35  3:11  Drone x3  
  41  3:15  Overlord  
  41  3:17  Zergling x2  
  42  3:22  Drone x2  
  44  3:33  Queen, Overlord  
  46  3:34  Drone  
  46  3:39  Spore Crawler  
  44  3:41  Drone  
  44  3:43  Drone  
  44  3:46  Drone x2  
  44  3:47  Drone  
  49  3:50  Drone  
  49  3:51  Drone  
  49  3:53  Drone  
  52  3:56  Spore Crawler  
  52  3:58  Drone  
  52  4:04  Evolution Chamber  
  52  4:06  Spore Crawler  
  52  4:07  Drone  
  48  4:10  Drone x2  
  48  4:13  Drone  
  48  4:15  Drone  
  52  4:17  Drone  
  52  4:20  Zergling x4  
  52  4:21  Zergling x2  
  52  4:23  Zergling x2  
  57  4:26  Zergling x4  
  57  4:29  Drone  
  57  4:30  Overlord  
  60  4:35  Zerg Melee Weapons Level 1  
  60  4:39  Drone x2  
  60  4:40  Drone x3  
  60  4:43  Drone  
  65  4:48  Drone  
  65  4:51  Overlord  
  64  4:53  Drone x3  
  64  4:55  Drone x2  
  68  5:01  Drone x2  
  68  5:05  Spore Crawler, Overlord  
  69  5:13  Drone x2  
  69  5:14  Drone x2  
  69  5:15  Lair  
  69  5:16  Drone  
  72  5:22  Queen  
  72  5:27  Drone  
  76  5:30  Drone x2, Spore Crawler  
  76  5:31  Drone x2, Hatchery  
  76  5:33  Extractor  
  76  5:34  Drone, Extractor  
  77  5:35  Baneling Nest  
  77  5:37  Zergling x4  
  77  5:39  Overlord  
  78  5:45  Zergling x2  
  78  5:46  Zergling x8  
  78  5:49  Spine Crawler, Zergling x4  
  84  5:50  Zergling x2  
  84  5:53  Zergling x2  
  86  5:57  Zergling x2  
  86  5:58  Queen  
  86  6:01  Zergling x2  
  90  6:04  Zergling x2  
  90  6:06  Overlord  
  90  6:09  Zergling x2  
  92  6:16  Overlord  
  93  6:18  Drone x5  
  93  6:19  Drone  
  93  6:23  Drone, Overseer, Extractor, Infestation Pit  
  93  6:24  Overlord  
  96  6:28  Drone, Extractor  
  96  6:30  Drone x4  
  100  6:33  Drone, Zerg Missile Weapons Level 1  
  101  6:43  Drone x3  
  101  6:44  Drone x2  
  101  6:45  Drone  
  105  6:47  Drone x2  
  105  6:48  Drone  
  105  6:51  Drone  
  106  6:54  Zergling x2  
  106  6:57  Zergling x2  
  106  7:00  Hydralisk Den  
  107  7:07  Hive  
  107  7:08  Drone x6  
  113  7:15  Drone x6  
  119  7:16  Queen, Evolution Chamber  
  119  7:17  Overlord  
  119  7:20  Zergling x4  
  122  7:29  Overlord  
  122  7:30  Zergling x6  
  122  7:33  Zergling x4  
  122  7:34  Overlord  
  127  7:37  Overlord  
  127  7:38  Extractor  
  127  7:39  Hydralisk x3  
  127  7:43  Hydralisk, Grooved Spines  
  134  7:45  Overlord  
  134  7:46  Overlord  
  134  7:49  Hydralisk x4  
  134  7:51  Baneling x2  
  142  7:52  Queen  
  142  7:56  Hydralisk  
  142  7:58  Overlord  
  146  8:01  Zergling x2, Hydralisk  
  146  8:02  Hydralisk  
  146  8:03  Hatchery  
  146  8:05  Zergling x6  
  144  8:07  Hydralisk  
  144  8:08  Zergling x6  
  144  8:09  Hydralisk  
  144  8:11  Queen  
  144  8:12  Queen  
  146  8:13  Hydralisk  
  146  8:15  Zergling x2  
  146  8:18  Hydralisk  
  146  8:19  Zergling x4  
  151  8:23  Hydralisk  
  151  8:24  Zergling x2  
  151  8:26  Overlord  
  151  8:27  Hydralisk  
  153  8:31  Hydralisk  
  153  8:34  Zergling x6, Hydralisk  
  153  8:35  Queen x2  
  153  8:37  Hydralisk  
  153  8:38  Zergling x2  
  153  8:40  Zergling x6  
  159  8:41  Hydralisk  
  159  8:45  Hydralisk  
  159  8:46  Zergling x2  
  153  8:49  Hydralisk  
  153  8:50  Zergling x2, Hydralisk  
  153  8:52  Zergling x2  
  153  8:55  Extractor  
  157  8:56  Zergling x2  
  157  9:01  Muscular Augments  
  158  9:06  Zergling x2, Extractor  
  158  9:07  Zergling x6  
  161  9:10  Zergling x10, Lurker Den  
  164  9:17  Zergling x4  
  164  9:19  Zerg Missile Weapons Level 2  
  164  9:21  Drone x2  
  168  9:25  Zergling x16  
  168  9:28  Zerg Melee Weapons Level 2  
  168  9:30  Zergling x4  
  178  9:31  Overlord  
  178  9:34  Zergling x2  
  179  9:39  Overseer  
  179  9:41  Zergling x2  
  179  9:42  Zergling x10  
  179  9:45  Overlord  
  185  9:47  Zergling x2  
  185  9:50  Zergling x16  
  191  10:03  Adrenal Glands  
  191  10:09  Hydralisk  
  191  10:10  Zergling x18  
  191  10:13  Zergling x6  
  199  10:18  Zergling x2, Hydralisk  
  199  10:19  Zergling x8  
  183  10:21  Hydralisk  
  183  10:22  Zergling x4  
  183  10:23  Zergling x2  
  183  10:25  Hydralisk  
  183  10:26  Zergling x2  
  168  10:31  Zergling x4, Hydralisk x3  
  168  10:34  Zergling x2, Hydralisk x2  
  168  10:37  Seismic Spines  
  168  10:41  Drone x5  
  173  10:43  Pneumatized Carapace  
  173  10:50  Overseer, Hydralisk x2  
  173  10:51  Zergling x4  
  173  10:53  Zergling x2  
  180  11:00  Zergling x20  
  180  11:02  Overlord  
  189  11:12  Extractor  
  189  11:13  Extractor  
  183  11:28  Lurker x9  
  183  11:29  Hydralisk x7  
  183  11:32  Zergling x6, Hydralisk  
  197  11:34  Overlord, Adaptive Talons  
  197  11:38  Overlord  
  179  11:41  Lurker  
  179  11:42  Lurker x6  
  179  11:43  Zergling x28  
  179  11:46  Zergling x14  
  197  11:50  Overlord  
  197  11:54  Zergling x2, Hydralisk x2  
  178  11:55  Zergling x6, Hydralisk x5  
  178  11:56  Hydralisk  
  178  11:57  Zergling x2  
  178  11:59  Queen, Hydralisk  
  178  12:00  Zergling x4, Hydralisk  
  186  12:01  Zergling x4  
  186  12:04  Lurker x4  
  186  12:05  Lurker  
  191  12:09  Hydralisk  
  191  12:10  Zergling x4  
  170  12:15  Hydralisk x4  
  170  12:16  Zergling x2  
  170  12:19  Hydralisk  
  170  12:20  Zergling x8  
  170  12:22  Zergling x2, Hydralisk  
  165  12:27  Hydralisk x2  
  166  12:33  Lurker x5  
  166  12:34  Lurker x4  
  166  12:35  Zergling x6  
  178  12:38  Zergling x6  
  178  12:42  Spine Crawler, Zergling x4  
  182  12:46  Hydralisk  
  182  12:47  Zergling x2  
  185  12:52  Hydralisk x2  
  185  12:53  Zergling x6  
  192  12:59  Zergling x8, Hydralisk  
  192  13:02  Hydralisk  
  199  13:06  Zergling x2  
  199  13:10  Hydralisk  
  199  13:11  Zergling x4  
  199  13:13  Overlord  
  199  13:15  Overlord  
  199  13:16  Zergling x2  
  199  13:18  Hydralisk  
  199  13:19  Zergling x12  
  199  13:24  Hydralisk x2  
  199  13:25  Zergling x2  
  199  13:26  Hydralisk  
  187  13:29  Hydralisk  
  187  13:30  Zergling x2  
  173  13:34  Hydralisk x2  
  173  13:35  Zergling x4  
  165  13:41  Lurker  
  165  13:42  Lurker x4  
Show
View Real Time Build Order
Export as new Build Order

herO Protoss 

Build Orders: 1 Gate Expand, Oracle Opening 

Get SALT Encoding   

  12  0:00  Probe  
  13  0:12  Probe  
  14  0:17  Pylon  
  14  0:24  Probe (Chrono Boost)  
  14  0:28  Assimilator  
  16  0:36  Probe (Chrono Boost)  
  16  0:43  Probe (Chrono Boost)  
  16  0:46  Gateway  
  17  0:50  Probe  
  18  1:03  Probe  
  19  1:15  Probe  
  20  1:23  Nexus  
  20  1:33  Cybernetics Core  
  20  1:36  Probe  
  21  1:41  Assimilator  
  21  1:48  Probe  
  21  1:50  Pylon  
  22  2:00  Probe  
  23  2:07  Adept (Chrono Boost)  
  23  2:12  Stargate  
  23  2:13  Probe  
  26  2:16  Warp Gate  
  26  2:25  Probe (Chrono Boost)  
  26  2:29  Stalker  
  29  2:35  Probe (Chrono Boost)  
  30  2:43  Probe (Chrono Boost)  
  32  2:45  Probe (Chrono Boost)  
  32  2:49  Probe (Chrono Boost)  
  32  2:50  Probe (Chrono Boost)  
  33  2:53  Oracle (Chrono Boost)  
  37  2:59  Adept  
  37  3:03  Probe x2  
  39  3:06  Pylon  
  39  3:15  Gateway  
  39  3:16  Probe x2  
  41  3:20  Oracle (Chrono Boost)  
  44  3:28  Probe x2  
  44  3:31  Adept  
  48  3:43  Probe x2  
  47  3:52  Oracle (Chrono Boost)  
  47  3:54  Nexus  
  50  3:58  Pylon  
  50  4:01  Probe x2  
  52  4:11  Adept  
  52  4:16  Adept, Probe x2  
  58  4:19  Assimilator  
  58  4:20  Assimilator  
  58  4:26  Forge  
  58  4:28  Robotics Facility  
  58  4:30  Probe x2  
  60  4:35  Pylon  
  60  4:42  Probe  
  60  4:43  Probe  
  62  4:47  Protoss Ground Weapons Level 1  
  56  4:53  Adept x2  
  56  4:54  Probe  
  56  4:55  Probe  
  60  5:04  Gateway  
  60  5:05  Gateway  
  60  5:07  Probe x2  
  62  5:14  Adept x2, Immortal (Chrono Boost)  
  62  5:15  Probe  
  62  5:19  Probe  
  72  5:23  Probe  
  72  5:27  Probe  
  74  5:30  Twilight Council  
  74  5:36  Stalker  
  74  5:38  Probe  
  74  5:39  Probe  
  74  5:41  Stalker  
  80  5:46  Observer  
  80  5:48  Pylon  
  81  5:51  Probe  
  81  5:52  Twilight Council, Pylon  
  81  5:54  Probe x2  
  84  5:57  Pylon  
  84  6:03  Probe  
  85  6:04  Immortal (Chrono Boost)  
  85  6:05  Blink (Chrono Boost)  
  85  6:11  Probe x2  
  91  6:13  Shield Battery  
  91  6:15  Assimilator, Probe  
  92  6:20  Assimilator, Stalker x2  
  92  6:24  Probe x2  
  98  6:27  Probe  
  98  6:28  Pylon  
  98  6:32  Gateway  
  99  6:34  Immortal (Chrono Boost)  
  99  6:38  Stalker x2  
  107  6:45  Stalker  
  107  6:46  Probe  
  110  6:48  Protoss Ground Weapons Level 2 (Chrono Boost)  
  110  6:51  Stalker  
  108  7:00  Gateway  
  108  7:02  Gateway, Warp Prism (Chrono Boost)  
  108  7:04  Stalker x2  
  108  7:06  Observer  
  112  7:11  Stalker  
  112  7:16  Stalker, Pylon, Shield Battery  
  112  7:19  Photon Cannon  
  112  7:22  Gateway  
  114  7:28  Stalker  
  116  7:35  Templar Archives  
  116  7:36  Stalker x3  
  122  7:44  Zealot, Gateway  
  124  7:51  Charge  
  124  8:00  Pylon  
  124  8:01  Pylon  
  124  8:02  Pylon  
  118  8:10  Stalker x3  
  118  8:12  Stalker x2  
  125  8:24  Stalker x3  
  131  8:33  Stalker x2  
  131  8:34  Stalker  
  131  8:36  Stalker x2  
  131  8:38  Psionic Storm  
  132  8:43  Observer  
  132  8:47  Probe  
  132  8:48  Probe  
  128  9:03  Protoss Ground Weapons Level 3 (Chrono Boost)  
  128  9:04  Nexus, High Templar x2  
  128  9:05  Zealot x5  
  128  9:08  Pylon  
  142  9:13  Pylon  
  142  9:14  Immortal (Chrono Boost)  
  142  9:19  High Templar  
  142  9:22  Probe x3  
  147  9:27  Photon Cannon  
  147  9:28  High Templar  
  147  9:29  Shield Battery  
  149  9:32  Shield Battery  
  149  9:34  Shield Battery  
  149  9:38  Gateway  
  149  9:39  Stalker  
  151  9:51  Immortal (Chrono Boost)  
  153  9:53  Stalker  
  153  9:55  Probe x3  
  153  9:58  Oracle (Chrono Boost)  
  153  9:59  Photon Cannon  
  158  10:06  Zealot x2  
  165  10:10  Assimilator  
  153  10:18  Stalker x4  
  156  10:22  Immortal (Chrono Boost)  
  141  10:34  Probe x3  
  141  10:35  Probe  
  141  10:37  High Templar x2, Photon Cannon  
  141  10:38  Assimilator, Photon Cannon  
  141  10:40  High Templar  
  147  10:45  Archon  
  147  10:46  Zealot x4  
  147  10:47  Sentry  
  157  10:54  High Templar  
  159  10:59  High Templar  
  159  11:03  Pylon x2  
  161  11:04  Immortal (Chrono Boost)  
  161  11:08  Zealot x4  
  173  11:15  Zealot x2  
  173  11:16  Zealot  
  179  11:20  Photon Cannon  
  179  11:21  Pylon  
  175  11:30  High Templar  
  175  11:31  Zealot x3, High Templar x3  
  189  11:33  Protoss Ground Armor Level 1  
  189  11:38  Archon x2  
  183  11:40  Immortal (Chrono Boost)  
  183  11:41  Zealot x3  
  165  12:01  Zealot x6  
  165  12:07  Zealot x4  
  183  12:13  Immortal (Chrono Boost)  
  104  12:27  High Templar x3  
  104  12:28  Zealot x6, High Templar  
  119  12:43  Immortal (Chrono Boost)  
  119  12:44  Shield Battery, Photon Cannon  
  119  12:49  High Templar x3  
  119  12:50  Oracle (Chrono Boost), Photon Cannon  
  129  12:53  Zealot x2, High Templar  
  129  12:56  Archon  
  129  12:57  Archon  
  135  13:06  Archon  
  135  13:10  Zealot x4  
  131  13:14  Observer (Chrono Boost)  
  129  13:20  Zealot x2  
  129  13:24  Oracle (Chrono Boost)  
  125  13:31  Zealot  
  125  13:32  Zealot x5  
  84  13:51  Zealot x2  
  83  13:57  Zealot x5  
  83  13:58  Zealot  
Tags
 
Add a new tag
Caveats
  • Supply blocks, unpowered buildings, or Contaminate may cause inaccurate times.
  • Supply counts are checked every 10 seconds.